 Dungeon Crawl Stone Soup version 0.31-a0-1576-ga3383bade6 (webtiles) character file.

Game seed: 13772886174057084141

51 Flugslaktarn the Apothecary (level 3, 0/21 HPs)
             Began as an Octopode Alchemist on Jan 4, 2024.
             Slain by a goblin
             ... wielding a +0 club
              (5 damage)
             ... on level 2 of the Dungeon.
             The game lasted 00:01:10 (296 turns).

Flugslaktarn the Apothecary (Octopode Alchemist)     Turns: 296, Time: 00:01:10

Health: 0/21       AC:  1    Str:  7    XL:     3   Next: 83%
Magic:  2/7        EV: 13    Int: 17    God:
Gold:   67         SH:  0    Dex: 14    Spells: 6/7 levels left

rFire   . . .        b - +2 dagger (flame)
rCold   . . .        (no shield)
rNeg    . . .        (helmet restricted)
rPois   .            (no amulet)
rElec   .            (no ring)
rCorr   .            (no ring)
SInv    .            (no ring)
Will    .....        (no ring)
Stlth   +++          (no ring)
HPRegen 0.23/turn    (no ring)
MPRegen 0.10/turn    (no ring)
                     (no ring)

%: no passive effects
@: no status effects
A: almost no armour, amphibious, 8 rings, camouflage 1, gelatinous body 1,
(nimble swimmer 1), tentacles
a: no special abilities


You were on level 2 of the Dungeon.
You visited 1 branch of the dungeon, and saw 2 of its levels.

You collected 67 gold pieces.

Inventory:

Hand Weapons
 b - a +2 dagger of flaming (weapon)
   (You took it off a kobold on level 1 of the Dungeon)
Magical Staves
 e - a staff of conjuration
   (You found it on level 1 of the Dungeon)
Jewellery
 g - an amulet of guardian spirit
   (You found it on level 2 of the Dungeon)
Wands
 i - a wand of flame (12)
   (You took it off Jessica on level 2 of the Dungeon)
Scrolls
 c - a scroll of enchant armour {unknown}
 f - a scroll of identify {unknown}
Potions
 a - 2 potions of magic
 d - a potion of degeneration {unknown}


   Skills:
 - Level 2.0 Dodging
 - Level 2.6 Stealth
 + Level 2.7 Spellcasting
 - Level 1.0 Conjurations
 * Level 4.5 Alchemy


You had 6 spell levels left.
You knew the following spells:

 Your Spells              Type           Power      Damage    Failure   Level
a - Sting                 Conj/Alch      44%        1d5       6%          1

Your spell library contained the following spells:

 Spells                   Type           Power      Damage    Failure   Level
 Mercury Vapours          Alch/Air       20%        N/A       11%         2
 Mephitic Cloud           Conj/Alch/Air  8%         N/A       26%         3
 Olgreb's Toxic Radiance  Alch           17%        N/A       26%         4
 Fugue of the Fallen      Necr           2%         N/A       47%         3
 Ozocubu's Armour         Ice            2%         N/A       47%         3
 Summon Ice Beast         Ice/Summ       2%         N/A       47%         3
 Sticky Flame             Fire/Alch      10%        2d5       56%         4
 Manifold Assault         Tloc           2%         N/A       87%         4
 Summon Mana Viper        Hex/Summ       2%         N/A       99%         5
 Monstrous Menagerie      Summ           1%         N/A       100%        7


Dungeon Overview and Level Annotations

Branches:
Dungeon (2/15)

Altars:


Innate Abilities, Weirdness & Mutations

You cannot wear most types of armour.
You are amphibious.
You can wear up to eight rings at the same time.
Your skin changes colour to match your surroundings (Stealth+).
Your rubbery body absorbs attacks. (AC +1, EV +1)
((You are camouflaged when in or above water. (Stealth+)))
You have tentacles for arms and can constrict up to eight enemies at once.


Message History

Press: ? - help, Shift-Dir - straight line, f/p - dart slug
Aim: a dart slug (100% to hit)
The sting hits the dart slug.
The dart slug is poisoned.
The dart slug is moderately wounded.
A goblin comes into view. It is wielding a +0 club.
The goblin hits you but does no damage.
You hit the goblin. You burn the goblin.
You kill the goblin!
The dart slug launches a dart at you. The slug dart hits you.
The ball python bites you. The ball python barely misses you.
You hit the ball python. You burn the ball python.
You kill the ball python!
You kill the dart slug!
A goblin and a giant cockroach come into view.
The goblin is wielding a +0 dagger of holy wrath.
The goblin moves out of view.
Things that are here:
a +0 dagger; a goblin corpse A dart slug comes into view.
The goblin hits you with a +0 club.
Your magical contamination has completely faded away.
The hobgoblin shouts!
The goblin shouts!
You hit the goblin. You burn the goblin. You grab the goblin.
You squeeze the goblin.
You kill the goblin!
Found a long sword.
Casting: Sting (safe; 6% risk of failure)
Confirm with . or Enter, or press ? or * to list all spells.
Aiming: Sting (safe; 6% risk of failure)
Press: ? - help, Shift-Dir - straight line, f - giant cockroach
Aim: a giant cockroach (71% to hit)
The sting hits the giant cockroach.
The giant cockroach is poisoned.
The giant cockroach is moderately wounded.
The dart slug launches a dart at you. The slug dart misses you.
A dart slug comes into view.
The giant cockroach bites you but does no damage.
A goblin comes into view. It is wielding a +0 club.
You closely miss the giant cockroach.
The goblin shouts!
You grab the giant cockroach.
The giant cockroach is heavily wounded.
You constrict the giant cockroach, but do no damage.
The giant cockroach barely misses you.
You hit the giant cockroach. You burn the giant cockroach.
You kill the giant cockroach!
Casting: Sting (safe; 6% risk of failure)
Confirm with . or Enter, or press ? or * to list all spells.
Aiming: Sting (safe; 6% risk of failure)
Press: ? - help, Shift-Dir - straight line, f - goblin
Aim: a goblin, wielding a +0 dagger of holy wrath (64% to hit)
The sting hits the goblin.
The goblin is poisoned.
You kill the goblin!
The hobgoblin closely misses you.
A bat comes into view.
Things that are here:
a +0 club; a goblin corpse You hit the dart slug.
You burn the dart slug. You grab the dart slug.
The dart slug is moderately wounded.
You constrict the dart slug, but do no damage.
The hobgoblin misses you.
Casting: Sting (safe; 6% risk of failure)
Confirm with . or Enter, or press ? or * to list all spells.
Aiming: Sting (safe; 6% risk of failure)
Press: ? - help, Shift-Dir - straight line, f - dart slug
Aim: a dart slug (moderately wounded, constricted by you, 100% to hit)
The sting hits the dart slug.
The dart slug is poisoned.
The dart slug is moderately wounded.
You constrict the dart slug, but do no damage.
The hobgoblin hits you. The dart slug barely misses you.
The goblin closely misses you.
You hit the dart slug. You burn the dart slug.
The dart slug is severely wounded.
You constrict the dart slug. The hobgoblin barely misses you.
The dart slug launches a dart at you. The slug dart hits you.
The goblin barely misses you.
You hit the dart slug. You burn the dart slug.
You kill the dart slug!
The bat hits you but does no damage. The hobgoblin closely misses you.
The goblin closely misses you.
You closely miss the hobgoblin. Your grab misses the hobgoblin.
The bat closely misses you. The hobgoblin hits you.
The goblin hits you but does no damage.
You are too injured to fight recklessly!
You barely miss the hobgoblin. You grab the hobgoblin.
You constrict the hobgoblin, but do no damage.
The bat hits you.
* * * LOW HITPOINT WARNING * * *
The hobgoblin barely misses you. The goblin barely misses you.
You hit the hobgoblin but do no damage. You constrict the hobgoblin.
The bat closely misses you. The bat misses you.
The hobgoblin closely misses you. The dart slug completely misses you.
The goblin hits you with a +0 club.
* * * LOW HITPOINT WARNING * * *
You hit the dart slug. You burn the dart slug.
You kill the dart slug!
You constrict the hobgoblin, but do no damage.
The bat misses you. The hobgoblin closely misses you.
The goblin hits you with a +0 club.
You die...

............##.......
...............##.......
...............##.......
...............##....[^.
...............##.......
...............######...
...............## #...
......gb........# #...
......†@.)......# #..#
......g....†.....# #..#
.......)†........# ##.#
...............#.# #.#
...............#.# ##..
...............# # #...
...............# #.#.
................ #.#.
...)........... ..#.


You could see a hobgoblin, a goblin and a bat.

Vanquished Creatures
  Jessica (D:2)
  3 dart slugs (D:2)
  A giant cockroach (D:2)
  4 goblins
  A hobgoblin (D:1)
  2 jackals (D:1)
  2 kobolds (D:1)
  4 ball pythons
  2 bats (D:1)
  A frilled lizard (D:2)
  2 rats
23 creatures vanquished.

Notes
Turn   | Place    | Note
-------+----------+-------------------------------------------
     0 | D:1      | Flugslaktarn the Octopode Alchemist began the quest for the
                  | Orb.
     0 | D:1      | Reached XP level 1. HP: 11/11 MP: 3/3
    89 | D:1      | Reached XP level 2. HP: 16/17 MP: 0/5
   214 | D:2      | Noticed Jessica
   225 | D:2      | Killed Jessica
   226 | D:2      | Reached skill level 4 in Alchemy
   226 | D:2      | Reached XP level 3. HP: 21/21 MP: 0/6
   296 | D:2      | Slain by a goblin

Illustrated notes

Levels and vault maps discovered:
D:1:      nicolae_arrival_memento_mori, layout_loops_cross, kennysheep_boxes
D:2:      layout_rooms, chequers_serial_rivers_small_b, wad_floor_pattern_2,
          st_stairs_2, uniq_jessica

Skill      XL: |  1  2 |
---------------+-------+-----
Alchemy        | 4 |  4.5
Dodging        | |  2.0
Stealth        | |  2.6
Spellcasting   | |  2.7
Conjurations   | |  1.0

Action                     || total
---------------------------++-------
  Melee: Constrict         ||     7
         Tentacles         ||     3
         Dagger            ||    17
         Unarmed           ||     1
   Cast: Sting             ||    18
 Armour: Skin              ||    16
  Dodge: Dodged            ||    32

Table legend: (Time is in decaauts)
 A = Elapsed time spent in this place.
 B = Non-inter-level travel time spent in this place.
 C = Inter-level travel time spent in this place.
 D = Time resting spent in this place.
 E = Time spent auto-exploring this place.
 F = Levels seen in this place.
 G = Mean time per level.
                   A        B        C        D        E       F      G
               +--------+--------+--------+--------+--------+-----+--------+
         Total |    295 |    281 |     14 |      0 |     57 |   2 |  147.5 |
       Dungeon |    295 |    281 |     14 |      0 |     57 |   2 |  147.5 |
               +--------+--------+--------+--------+--------+-----+--------+

Top non-repeatable levels by time:
     D:1: 191 daAuts
     D:2: 103 daAuts
